 Dungeon Crawl Stone Soup version 0.28.0 (webtiles) character file.

Game seed: 9998741558634798148

314365 Theoretic the Hand of Fortune (level 21, -7/189 HPs)
             Began as a Hill Orc Delver on Feb 6, 2022.
             Was the Champion of Nemelex Xobeh.
             Killed from afar by a crystal guardian (62 damage)
             ... with a crystal bolt
             ... led by a peacekeeper
             ... on level 3 of the Vaults on Feb 7, 2022.
             The game lasted 02:52:52 (47662 turns).

Theoretic the Hand of Fortune (Hill Orc Delver)    Turns: 47662, Time: 02:52:52

Health: -7/189     AC: 33    Str: 35    XL:     21   Next: 35%
Magic:  34/34      EV: 16    Int: 13    God:    Nemelex Xobeh [******]
Gold:   2218       SH: 30    Dex: 14    Spells: 20/20 levels left

rFire   . . .      SeeInvis .   a - +0 broad axe (vamp)
rCold   + . .      Faith    .   S - +10 tower shield "Udiolem" {Dex+2 Stlth+}
rNeg    + . .      Spirit   .   V - +10 pearl dragon scales of Xesed {rPois rN+ rCorr Str-4}
rPois   +          Reflect  .   T - +1 helmet {Int+3}
rElec   .          Harm     .   h - scarf {+Inv}
rCorr   +          Rampage  .   Q - +1 pair of gloves "Viafarph" {Str+3}
Will    +....                   H - +0 pair of boots of Calculation {Str+4}
Stlth   +++.......              L - amulet of regeneration
HPRegen 1.21/turn               W - +6 ring of strength {=R}
MPRegen 0.24/turn               z - ring "Sotum" {rC+ Stlth+}

@: slowed, studying Polearms, very slow
A: no striking features
}: 2/15 runes: decaying, gossamer
a: Renounce Religion, Evoke Invisibility, Draw Escape, Draw Destruction, Draw
Summoning, Draw Stack, Triple Draw, Deal Four, Stack Five


You were on level 3 of the Vaults.
You worshipped Nemelex Xobeh.
Nemelex Xobeh was exalted by your worship.
You visited 6 branches of the dungeon, and saw 34 of its levels.
You also visited: Ossuary and Gauntlet.

You collected 3791 gold pieces.
You spent 1573 gold pieces at shops.

Inventory:

Hand Weapons
 a - a +0 vampiric broad axe (weapon)
 b - a +1 hand crossbow of freezing
 c - a +0 broad axe of freezing
 d - a +0 broad axe of electrocution
 I - the +8 Wrath of Trog {antimagic, *Rage Rampage}
   (You found it on level 2 of the Vaults)

   It reduces the magical energy of the wielder, and disrupts the spells and
   magical abilities of those it strikes.
   Natural abilities and divine invocations are not affected.
   It causes slowness and exhaustion when equipped.
   It extends the wielder's berserk rage when killing foes.
   *Rage:     It berserks you when you make melee attacks (+50% chance).
   Rampage:   It bestows one free step when moving towards enemies.
Missiles
 e - 8 curare-tipped darts (quivered)
 s - 5 boomerangs of dispersal
 t - 362 bolts
Armour
 h - a scarf of invisibility (worn)
 G - the +8 plate armour of Idainien {Will+ MP+9 Int+6}
   (You found it on level 2 of the Vaults)

   Int:       It affects your intelligence (+6).
   MP:        It affects your magic capacity (+9).
   Will:      It increases your willpower.
 H - the +0 pair of boots of Calculation (worn) {Str+4}
   (You found it on level 3 of the Spider Nest)

   Str:       It affects your strength (+4).
 Q - the +1 pair of gloves "Viafarph" (worn) {Str+3}
   (You found it in a Gauntlet)

   Str:       It affects your strength (+3).
 S - the +10 tower shield "Udiolem" (worn) {Dex+2 Stlth+}
   (You found it in a Gauntlet)

   Dex:       It affects your dexterity (+2).
   Stlth:     It makes you more stealthy.
 T - a +1 helmet of intelligence (worn)
 V - the +10 pearl dragon scales of Xesed (worn) {rPois rN+ rCorr Str-4}
   (You found it in a Gauntlet)

   Str:       It affects your strength (-4).
   rPois:     It protects you from poison.
   rN:        It protects you from negative energy.
   rCorr:     It protects you from acid and corrosion.
 Z - the +1 ring mail of the Untouchables {rElec rF- rN+++ Slay+6}
   (You found it in a Gauntlet)

   Slay:      It affects your accuracy & damage with ranged weapons and melee
   (+6).
   rF:        It makes you vulnerable to fire.
   rElec:     It insulates you from electricity.
   rN:        It renders you almost immune to negative energy.
Jewellery
 x - a +4 ring of evasion
 y - a ring of see invisible
 z - the ring "Sotum" (right hand) {rC+ Stlth+}
   (You found it on level 4 of the Spider Nest)

   [ring of protection from cold]

   rC:        It protects you from cold.
   Stlth:     It makes you more stealthy.
 B - a ring of flight
 L - an amulet of regeneration (around neck)
 W - a +6 ring of strength (left hand) {=R}
Wands
 g - a wand of digging (11)
 u - a wand of acid (17)
 F - a wand of paralysis (12)
 R - a wand of iceblast (29)
Scrolls
 j - 13 scrolls of teleportation
 l - 5 scrolls of immolation
 m - 5 scrolls of vulnerability
 p - 5 scrolls of magic mapping
 q - 3 scrolls of holy word
 v - 5 scrolls of amnesia
 A - 3 scrolls of enchant armour
 J - a scroll of enchant weapon
 M - 8 scrolls of fear
 P - 4 scrolls of blinking
 U - 5 scrolls of fog
Potions
 f - 3 potions of haste
 i - 5 potions of lignification
 k - 4 potions of mutation
 n - 14 potions of ambrosia
 o - 11 potions of attraction
 r - 7 potions of curing
 w - 2 potions of resistance
 C - 5 potions of heal wounds
 D - a potion of invisibility
 E - 3 potions of brilliance
 O - 2 potions of might
 X - 2 potions of magic
 Y - 2 potions of berserk rage
Miscellaneous
 K - a lightning rod (3/4)
 N - a phantom mirror (inert)


   Skills:
 + Level 16.3 Fighting
 - Level 14.7(16.0) Axes
 - Level 8.7(11.8) Maces & Flails
 - Level 10.0 Crossbows
 - Level 15.0 Armour
 - Level 15.0 Dodging
 - Level 4.1 Stealth
 + Level 17.0 Shields
 + Level 18.1 Invocations


You had 20 spell levels left.
You didn't know any spells.
Your spell library contained the following spells:

 Spells                   Type           Power      Damage    Failure   Level
 Apportation              Tloc           0%         N/A       83%         1
 Foxfire                  Conj/Fire      0%         2x1d4     83%         1
 Sandblast                Erth           0%         2d4       83%         1
 Corpse Rot               Necr/Air       0%         N/A       93%         2
 Passwall                 Tmut/Erth      0%         N/A       93%         2
 Poisonous Vapours        Pois/Air       0%         N/A       93%         2
 Sublimation of Blood     Necr           0%         N/A       93%         2
 Conjure Flame            Conj/Fire      0%         6-21      99%         3
 Frozen Ramparts          Ice            0%         1d2       99%         3
 Ignite Poison            Fire/Tmut/Pois 0%         N/A       99%         3
 Inner Flame              Hex/Fire       0%         N/A       99%         3
 Stone Arrow              Conj/Erth      0%         3d7       99%         3
 Summon Guardian Golem    Hex/Summ       0%         N/A       99%         3
 Flame Wave               Conj/Fire      0%         2d4       100%        4
 Hailstorm                Conj/Ice       0%         3d3       100%        4
 Ice Form                 Ice/Tmut       0%         N/A       100%        4
 Olgreb's Toxic Radiance  Pois           0%         N/A       100%        4
 Petrify                  Tmut/Erth      0%         N/A       100%        4
 Sticky Flame             Conj/Fire      0%         2d3       100%        4
 Summon Ice Beast         Ice/Summ       0%         N/A       100%        4
 Summon Lightning Spire   Summ/Air       0%         N/A       100%        4
 Alistair's Intoxication  Tmut/Pois      0%         N/A       100%        5
 Blade Hands              Tmut           0%         N/A       100%        5
 Irradiate                Conj/Tmut      0%         3d13      100%        5
 Iskenderun's Battlesphe  Conj           0%         2d6       100%        5
 Metabolic Englaciation   Hex/Ice        0%         N/A       100%        5
 Summon Forest            Summ/Tloc      0%         N/A       100%        5
 Summon Mana Viper        Hex/Summ       0%         N/A       100%        5
 Iron Shot                Conj/Erth      0%         9d1       100%        6
 Simulacrum               Ice/Necr       0%         N/A       100%        6
 Statue Form              Tmut/Erth      0%         N/A       100%        6
 Summon Cactus Giant      Summ           0%         N/A       100%        6
 Dragon Form              Tmut           0%         N/A       100%        7
 Orb of Destruction       Conj           0%         9d5       100%        7
 Ozocubu's Refrigeration  Ice            0%         4d5       100%        7
 Spellforged Servitor     Conj/Summ      0%         N/A       100%        7
 Storm Form               Tmut/Air       0%         N/A       100%        7
 Ignition                 Fire           0%         3d3       100%        8
 Maxwell's Capacitive Co  Air            0%         ∞         100%        8


Dungeon Overview and Level Annotations

Branches:
Dungeon (15/15)            Temple (0/1) D:4            Lair (6/6) D:10
  Swamp (4/4) Lair:2       Spider (4/4) Lair:2        Slime (0/5) Lair:6
    Orc (2/2) D:10            Elf (0/3) Orc:2        Vaults (2/5) D:14
 Depths (0/4) D:15        Ossuary (visited)         Gauntlet (visited)
  Crypt: Vaults:2-3

Altars:
Dithmenos
Gozag
Kikubaaqudgha
Nemelex Xobeh
Ru
Sif Muna
Trog
Uskayaw
Wu Jian
Xom
Beogh
Jiyva

Shops:
D:4 *   D:9 :   D:13 (   Orc:1 [   Orc:2 :[(*

Annotations:
D:7 1 runed translucent door, BobtheApe's ghost, novice HOFi
Lair:6 1 runed translucent door, exclusion: obsidian statue
Spider:3 1 runed translucent door, cfbundy's ghost, adept FoFi
Orc:2 3 runed translucent doors, Esekla's ghost, journeyman OpWn


Message History

You barely miss the sphinx.
The sphinx is severely wounded.
You block the sphinx's attack. The sphinx hits you but does no damage.
You block the sphinx's attack. The sphinx hits you!
* * * LOW HITPOINT WARNING * * *
You block the sphinx's attack. The sphinx hits you.
* * * LOW HITPOINT WARNING * * *
Okay, then.
Okay, then.
As you read the scroll of teleportation, it crumbles to dust.
You feel strangely unstable.
The sentinel's mark upon you fades away.
The sphinx hits you!!
* * * LOW HITPOINT WARNING * * *
The sphinx misses you. The sphinx closely misses you.
You feel much better. You block the sphinx's attack.
The sphinx hits you but does no damage. You block the sphinx's attack.
The sphinx casts a spell.
You resist with significant effort.
The ironbound convoker gestures at something while chanting.
The sphinx mumbles some strange words.
You feel yourself slow down.
You see here a bolt.
Your surroundings suddenly seem different.
A yaktaur captain and a yaktaur come into view.
The yaktaur captain shouts!
The yaktaur shouts!
You slice the yaktaur captain!!
You feel better.
The yaktaur captain is moderately wounded.
A sourceless malevolence fills the Vaults...
You fall into a shaft and drop 1 floor!
The shaft crumbles and collapses.
A peacekeeper and a crystal guardian come into view.
Nemelex Xobeh deals you some cards!
You now have 1 escape card, 8 destruction cards and 6 summoning cards.
You draw a card...
You have drawn the Illusion.
Suddenly you stand beside yourself.
The crystal guardian fires a crystalline bolt at you.
The crystal bolt burns you!!!
You die...
Your body glows with a rainbow of weird colours and disappears.

#######+##
#.........
#.....9...
#.....9...
#.........
#@.@......
#.........
###+######


You could see a crystal guardian (ally target), a peacekeeper and the friendly
Theoretic's illusion (summoned, slow).

Vanquished Creatures
  Mara (Vaults:2)
  Arachne (Spider:2)
  Mlioglotl (Swamp:1)
  A titan (Vaults:2)
  A thorn hunter (Swamp:3)
  A shadow dragon (Vaults:2)
  2 emperor scorpions
  A frost giant (Vaults:2)
  A vault warden (Vaults:1)
  3 ghost moths
  5 ironbound preservers
  2 stone giants (Vaults:2)
  A quicksilver ooze (Swamp:4)
  7 very ugly things (Vaults:1)
  3 broodmothers
  3 entropy weavers
  An ironbound thunderhulk (Vaults:2)
  Nessos (D:13)
  3 eleionomae
  4 bunyips
  5 spark wasps
  7 dire elephants
  Snorg (D:11)
  2 ettins
  A yaktaur captain (Vaults:1)
  A deep elf high priest (Vaults:1)
  2 great orbs of eyes (Vaults:2)
  A fire dragon (D:14)
  A hell beast (Gauntlet)
  13 hydras
  A catoblepas (Lair:5)
  2 ice dragons (D:15)
  8 boulder beetles
  2 vault guards (Vaults:1)
  2 ghost crabs (Swamp:4)
  2 radroaches (Spider:2)
  A satyr (Swamp:3)
  A death knight (D:11)
  2 jorogumos
  2 ogre magi
  12 alligators
  2 ironbound frosthearts
  A centaur warrior (D:13)
  7 two-headed ogres
  15 death yaks
  A tengu warrior (D:15)
  A deep troll earth mage (Vaults:2)
  An orc high priest (Orc:2)
  Urug (D:11)
  Nergalle (Orc:2)
  6 pharaoh ants
  A sun moth (Spider:3)
  A cherub (Spider:1)
  A spectral anaconda (Lair:6)
  7 swamp dragons
  A spriggan druid (Swamp:2)
  6 goliath frogs
  8 steelbarb worms
  15 deep trolls
  11 orb spiders
  3 bog bodies
  9 lindwurms
  11 ironbound convokers
  2 phantasmal warriors
  4 necromancers
  A mana viper (Swamp:4)
  7 wizards
  2 deep elf pyromancers (D:15)
  18 wolf spiders
  6 harpies
  3 human zombies (Vaults:1)
  7 orc knights
  2 moths of wrath
  A manticore (Vaults:1)
  A shining eye (D:13)
  4 orc sorcerers
  24 ugly things
  9 cyclopes
  5 will-o-the-wisps
  7 black mambas
  2 dire elephant zombies (Lair:6)
  5 vault sentinels
  A water nymph (Spider:1)
  7 torpor snails
  26 elephants
  12 cane toads
  2 gargoyles (D:11)
  5 rime drakes
  An unseen horror (D:11)
  11 yaktaurs
  A yaktaur (shapeshifter) (D:14)
  6 demonic crawlers
  An efreet (D:13)
  9 komodo dragons
  13 meliai
  A queen bee (Spider:3)
  A silent spectre (Vaults:2)
  3 polar bears
  3 trolls
  25 tarantellas
  6 tyrant leeches
  A bloated husk (Swamp:1)
  A merfolk (Swamp:3)
  7 hornets
  A meliai zombie (D:10)
  20 slime creatures
  2 spectral elephants (Lair:6)
  2 dream sheep (Lair:2)
  11 blink frogs
  4 water elementals (D:15)
  43 jumping spiders
  An ettin skeleton (Vaults:1)
  24 culicivoras
  29 yaks
  5 spriggans
  3 wyverns
  A human (Lair:3)
  3 steam dragons
  8 wraiths
  7 basilisks
  A yaktaur simulacrum (Vaults:1)
  A fire bat (D:10)
  2 death yak simulacra (Lair:6)
  15 vampire mosquitoes
  61 redbacks
  7 wargs
  16 swamp worms
  Menkaure (D:4)
  An acid dragon (D:12)
  11 water moccasins
  3 hell hounds (Gauntlet)
  3 floating eyes
  3 swamp drakes
  20 orc warriors
  An ice beast (Vaults:1)
  A black bear (D:2)
  A hornet zombie (D:7)
  8 ogres
  A necrophage (D:6)
  10 wolves
  8 boggarts
  2 elephant skeletons (Lair:6)
  8 centaurs
  A phantom (D:6)
  A kobold brigand (D:9)
  11 bullfrogs
  3 scorpions
  4 cane toad simulacra (Lair:6)
  A water moccasin skeleton (D:5)
  37 killer bees
  8 wights
  4 howler monkeys
  A bullfrog zombie (D:6)
  4 centaur zombies
  5 hounds
  A jelly (D:8)
  2 bullfrog skeletons (D:5)
  2 centaur skeletons
  17 orc priests
  5 iguanas
  22 orc wizards
  Ijyb (D:3)
  3 killer bee zombies
  A hound zombie (Ossuary)
  4 mummies (Ossuary)
  A gnoll (D:5)
  2 adders (D:4)
  2 shadow imps
  A white imp (D:8)
  An adder skeleton (D:4)
  3 worms
  A dart slug (D:1)
  62 orcs
  8 ball pythons
  5 bats
  7 endoplasms
  7 giant cockroaches
  7 goblins
  3 hobgoblins
  2 jackals (D:5)
  7 kobolds
  3 quokkas
  5 frilled lizards
  A gnoll zombie (Ossuary)
  4 rats
1094 creatures vanquished.

Vanquished Creatures (collateral kills)
  Jorgrun (Spider:2)
  Frances (Spider:2)
  A sphinx (Vaults:1)
  Gastronok (D:9)
  A thorn hunter (Swamp:4)
  A storm dragon (Orc:1)
  A vault warden (Vaults:1)
  An orc warlord (Orc:2)
  A ghost moth (Spider:2)
  A quicksilver ooze (Lair:3)
  A stone giant (Swamp:4)
  A yaktaur captain (Vaults:1)
  Fannar (Lair:3)
  6 hydras
  A boulder beetle (Lair:6)
  A death knight (D:9)
  2 alligators (Swamp:4)
  3 centaur warriors (Vaults:2)
  A spriggan berserker (Swamp:4)
  A death scarab (Spider:2)
  10 death yaks
  A pharaoh ant (Spider:4)
  3 spriggan druids (Swamp:4)
  A deep troll (Vaults:1)
  2 lindwurms (Swamp:4)
  A harpy (Vaults:1)
  A wolf spider (Spider:4)
  A moth of wrath (Spider:4)
  A black mamba (D:7)
  2 cane toads
  A rime drake (D:7)
  2 komodo dragons
  An unseen horror (D:7)
  2 yaktaurs (Vaults:1)
  A wind drake (Swamp:4)
  12 blink frogs
  6 dream sheep
  2 jumping spiders (Spider:2)
  2 culicivoras (Spider:4)
  2 wyverns
  3 basilisks
  2 steam dragons
  A swamp worm (Swamp:4)
  2 swamp drakes (Swamp:4)
  A black bear (D:7)
  3 wolves (Lair:3)
  An ogre (D:4)
  A bullfrog (Lair:2)
  A scorpion (D:4)
  A killer bee (D:10)
  A wight (D:7)
  A jelly (Orc:1)
  A gnoll shaman (D:5)
  A human zombie (Ossuary)
  A centaur skeleton (D:7)
  4 gnolls (D:5)
  A white imp (D:7)
  2 adder zombies (Ossuary)
  A dart slug (Orc:1)
  A goblin (Orc:1)
  A hobgoblin (Orc:1)
  2 gnoll zombies (Ossuary)
  A goblin zombie (Ossuary)
  A hobgoblin zombie (Ossuary)
  2 kobold zombies (Ossuary)
  A rat zombie (Ossuary)
120 creatures vanquished.

Vanquished Creatures (others)
  An eleionoma (Swamp:1)
  An ice dragon (Swamp:1)
  A deep troll earth mage (Vaults:2)
  A moth of wrath (Vaults:2)
  A swamp worm (Swamp:1)
  An electric eel (Spider:4)
  14 foxfires
  121 fungi
  108 plants
  37 withered plants
286 creatures vanquished.

Grand Total: 1500 creatures vanquished

Notes
Turn   | Place    | Note
-------+----------+-------------------------------------------
     0 | D:5      | Theoretic the Hill Orc Delver began the quest for the Orb.
     0 | D:5      | Reached XP level 1. HP: 19/19 MP: 1/1
     3 | D:5      | Found a sacrificial altar of Ru.
    29 | D:5      | Noticed a gnoll shaman
    96 | D:4      | Noticed an iguana
   215 | D:2      | Reached XP level 2. HP: 16/27 MP: 2/2
   418 | D:2      | Noticed a black bear
   937 | D:1      | Reached XP level 3. HP: 33/33 MP: 3/3
  1603 | D:1      | Found a faded altar of an unknown god.
  1696 | D:1      | Prayed at the altar of an unknown god.
  1696 | D:1      | Became a worshipper of Nemelex Xobeh the Trickster
  1696 | D:1      | Reached * piety under Nemelex Xobeh
  1778 | D:2      | Identified the +6 mace of Wiloniask {vamp, rC+ Will+}
  1879 | D:2      | Received a gift from Nemelex Xobeh
  2605 | D:2      | Killed a black bear
  2606 | D:2      | Reached skill level 2 in Invocations
  2606 | D:2      | Reached XP level 4. HP: 19/40 MP: 3/5
  2606 | D:2      | Reached XP level 5. HP: 22/46 MP: 3/6
  2884 | D:3      | Reached ** piety under Nemelex Xobeh
  3105 | D:3      | Found a shimmering blue altar of Sif Muna.
  3836 | D:4      | Noticed an ogre
  3863 | D:4      | Reached *** piety under Nemelex Xobeh
  3865 | D:4      | Noticed Ijyb
  3883 | D:3      | Killed Ijyb
  3884 | D:3      | Reached XP level 6. HP: 52/52 MP: 6/8
  4021 | D:4      | Reached skill level 3 in Invocations
  4118 | D:4      | Noticed Menkaure
  4133 | D:4      | Killed Menkaure
  4306 | D:4      | Reached XP level 7. HP: 14/58 MP: 9/9
  4333 | D:4      | Reached skill level 5 in Maces & Flails
  4333 | D:4      | Reached skill level 4 in Invocations
  4628 | D:4      | Received a gift from Nemelex Xobeh
  4803 | D:4      | Found a staircase to the Ecumenical Temple.
  4975 | D:4      | Found an opulent altar of Gozag.
  4977 | D:4      | Found Gozag's Platinum Reserve.
  5370 | D:5      | Reached skill level 5 in Invocations
  5429 | D:5      | Reached XP level 8. HP: 66/66 MP: 11/11
  5447 | D:5      | Received a gift from Nemelex Xobeh
  5549 | D:5      | Found an ancient bone altar of Kikubaaqudgha.
  5705 | D:5      | Reached skill level 6 in Invocations
  5800 | D:5      | Reached **** piety under Nemelex Xobeh
  6331 | D:5      | Reached skill level 1 in Armour
  6522 | D:6      | Received a gift from Nemelex Xobeh
  6707 | D:6      | Found a sand-covered staircase.
  6712 | Ossuary  | Entered an ossuary
  6904 | Ossuary  | Reached skill level 7 in Invocations
  7106 | D:6      | Reached skill level 5 in Fighting
  7106 | D:6      | Reached XP level 9. HP: 72/74 MP: 14/14
  7142 | D:6      | Received a gift from Nemelex Xobeh
  7632 | D:7      | Identified the +7 chain mail "Tokaq" {rCorr}
  7741 | D:7      | Reached skill level 5 in Armour
  7755 | D:7      | Reached skill level 8 in Invocations
  7997 | D:7      | Found a runed translucent door.
  7997 | D:7      | Noticed BobtheApe's ghost (novice HOFi)
  8067 | D:7      | Reached skill level 1 in Crossbows
  8184 | D:7      | Found a shadowy altar of Dithmenos.
  8224 | D:7      | Noticed a black mamba
  8224 | D:7      | a yak changed into a black mamba
  8224 | D:7      | Noticed a rime drake
  8224 | D:7      | a yak changed into a rime drake
  8224 | D:7      | Noticed a queen bee
  8224 | D:7      | a yak changed into a queen bee
  8226 | D:7      | Banished a queen bee
  8230 | D:7      | Reached skill level 9 in Invocations
  8236 | D:7      | Killed an unseen horror
  8240 | D:7      | Killed a black mamba
  8244 | D:7      | Killed a rime drake
  8245 | D:7      | Reached skill level 5 in Crossbows
  8245 | D:7      | Reached XP level 10. HP: 81/81 MP: 15/17
  8323 | D:7      | Received a gift from Nemelex Xobeh
  8434 | D:7      | Reached skill level 10 in Invocations
  8497 | D:7      | Found a shimmering altar of Xom.
  8499 | D:7      | Found a hide-covered altar of Uskayaw.
  9616 | D:8      | Received a gift from Nemelex Xobeh
  9645 | D:8      | Reached ***** piety under Nemelex Xobeh
  9779 | D:9      | Found Muvoah's Book Boutique.
  9788 | D:9      | Noticed a two-headed ogre
  9847 | D:9      | Killed a two-headed ogre
  9981 | D:9      | Noticed a two-headed ogre
 10003 | D:9      | Killed a two-headed ogre
 10006 | D:9      | Reached skill level 5 in Dodging
 10257 | D:9      | Noticed Gastronok
 10275 | D:9      | Killed Gastronok
 10276 | D:9      | Reached skill level 5 in Axes
 10276 | D:9      | Reached XP level 11. HP: 89/89 MP: 17/19
 10314 | D:9      | Received a gift from Nemelex Xobeh
 10370 | D:9      | Noticed a death knight
 10386 | D:9      | Killed a death knight
 10513 | D:9      | Reached skill level 11 in Invocations
 10965 | D:10     | Entered Level 10 of the Dungeon
 11057 | D:10     | Found a staircase to the Orcish Mines.
 11079 | D:10     | Noticed a two-headed ogre
 11237 | D:10     | Received a gift from Nemelex Xobeh
 11265 | D:10     | Killed a two-headed ogre
 11587 | D:10     | Found an ornate altar of the Wu Jian Council.
 11901 | D:10     | Identified the -2 hand axe "Soaceuf" {elec, +Blink rPois
                  | Will+ Stlth+}
 12141 | D:10     | Found a staircase to the Lair.
 12414 | Lair:1   | Entered Level 1 of the Lair of Beasts
 12414 | Lair:1   | Received a gift from Nemelex Xobeh
 12656 | Lair:1   | Got Guymp's Papyrus of the Dusty Glacier
 12815 | Lair:1   | Reached XP level 12. HP: 86/100 MP: 20/20
 12938 | Lair:1   | Reached skill level 12 in Invocations
 12987 | Lair:1   | Noticed a four-headed hydra
 12993 | Lair:1   | Killed a four-headed hydra
 13165 | Lair:1   | Noticed a death yak
 13166 | Lair:1   | Noticed a death yak
 13168 | Lair:1   | Noticed a death yak
 13170 | Lair:1   | Killed a death yak
 13171 | Lair:1   | Noticed a death yak
 13172 | Lair:1   | Killed a death yak
 13175 | Lair:1   | Killed a death yak
 13178 | Lair:1   | Killed a death yak
 13845 | Lair:1   | Received a gift from Nemelex Xobeh
 13948 | Lair:2   | Found a staircase to the Swamp.
 13971 | Lair:2   | Reached skill level 10 in Axes
 14260 | Lair:2   | Received a gift from Nemelex Xobeh
 14316 | Lair:2   | Reached XP level 13. HP: 91/111 MP: 22/22
 15449 | Lair:2   | Found a hole to the Spider Nest.
 15726 | Lair:3   | Noticed Fannar
 15752 | Lair:3   | Killed Fannar
 15753 | Lair:3   | Reached skill level 10 in Fighting
 15813 | Lair:3   | Received a gift from Nemelex Xobeh
 15832 | Lair:3   | Reached skill level 13 in Invocations
 16817 | Lair:3   | Noticed Sonja
 16834 | Lair:3   | Noticed Sonja
 16834 | Lair:3   | Sonja changed into Sonja the human
 16840 | Lair:3   | Killed Sonja the human
 18452 | Lair:4   | Received a gift from Nemelex Xobeh
 18471 | Lair:3   | Noticed a quicksilver ooze
 18471 | Lair:3   | a death yak changed into a quicksilver ooze
 18485 | Lair:3   | Killed a quicksilver ooze
 18711 | Lair:3   | Noticed a broodmother
 18711 | Lair:3   | a death yak changed into a broodmother
 18733 | Lair:3   | Killed a broodmother
 19143 | Lair:4   | Received a gift from Nemelex Xobeh
 19251 | Lair:4   | Identified the +0 falchion of Deflation {vorpal, rC+}
 19471 | Lair:4   | Received a gift from Nemelex Xobeh
 20164 | Lair:5   | Found a gate leading to a gauntlet.
 20173 | Gauntlet | Entered a Gauntlet
 20173 | Gauntlet | Found a transporter.
 20173 | Gauntlet | Found a transporter.
 20173 | Gauntlet | Found a transporter.
 20177 | Gauntlet | Found a transporter.
 20179 | Gauntlet | Found a transporter.
 20193 | Gauntlet | Found a transporter.
 20214 | Gauntlet | Found a transporter.
 20214 | Gauntlet | Found a transporter.
 20238 | Gauntlet | Found a transporter.
 20256 | Gauntlet | Found a transporter.
 20264 | Gauntlet | Found a transporter.
 20265 | Gauntlet | Received a gift from Nemelex Xobeh
 20281 | Gauntlet | Found a transporter.
 20513 | Gauntlet | Identified the +1 pair of gloves "Viafarph" {Str+3}
 20624 | Gauntlet | Identified the +10 pearl dragon scales of Xesed {rPois rN+
                  | rCorr Str-4}
 20624 | Gauntlet | Noticed a minotaur
 20652 | Gauntlet | a minotaur changed into a six-headed hydra
 20862 | Gauntlet | Identified the +1 ring mail of the Untouchables {rElec rF-
                  | rN+++ Slay+6}
 20885 | Gauntlet | Identified the +10 tower shield "Udiolem" {Dex+2 Stlth+}
 21241 | Lair:5   | You fall into a shaft and drop 1 floor!
 21241 | Lair:6   | Entered Level 6 of the Lair of Beasts
 21272 | Lair:5   | Identified the +2 trident of Xoprircho {venom, +Blink
                  | Int+2}
 21275 | Lair:5   | Reached XP level 14. HP: 117/121 MP: 24/24
 21292 | Lair:5   | Reached skill level 14 in Invocations
 21601 | Lair:5   | Reached skill level 10 in Crossbows
 21780 | Lair:5   | Reached skill level 1 in Shields
 21860 | Lair:5   | Reached ****** piety under Nemelex Xobeh
 21995 | Lair:5   | Received a gift from Nemelex Xobeh
 22053 | Lair:5   | Reached skill level 10 in Armour
 22175 | Lair:5   | Noticed a dire elephant
 22187 | Lair:5   | Killed a dire elephant
 22564 | Lair:6   | Noticed an acid blob
 22564 | Lair:6   | Found a runed translucent door.
 22564 | Lair:6   | Found a viscous altar of Jiyva.
 22650 | Lair:5   | Reached skill level 10 in Dodging
 22656 | Lair:5   | Reached skill level 5 in Shields
 23086 | Lair:5   | Reached XP level 15. HP: 93/126 MP: 25/25
 23197 | Lair:6   | Noticed an acid blob
 23310 | Lair:6   | Found a staircase to the Slime Pits.
 23426 | Lair:6   | Received a gift from Nemelex Xobeh
 23453 | Lair:6   | Noticed Josephine
 23464 | Lair:6   | Noticed Josephine
 23464 | Lair:6   | Josephine changed into Josephine the swamp dragon
 23468 | Lair:6   | Killed Josephine the swamp dragon
 24109 | Lair:6   | Reached skill level 10 in Shields
 25707 | Orc:1    | Entered Level 1 of the Orcish Mines
 25728 | Orc:1    | Received a gift from Nemelex Xobeh
 25873 | Orc:1    | Noticed an orc warlord
 25881 | Orc:1    | Noticed a storm dragon
 25881 | Orc:1    | an orc warlord changed into a storm dragon
 25904 | Orc:1    | Killed a storm dragon
 26438 | Orc:2    | Entered Level 2 of the Orcish Mines
 26438 | Orc:2    | Found a staircase to the Elven Halls.
 26440 | Orc:2    | Noticed Esekla's ghost (journeyman OpWn)
 26470 | Orc:2    | Paralysed by an ogre mage for 4 turns
 26476 | Orc:2    | Paralysed by an ogre mage for 6 turns
 27133 | Orc:1    | Found Olekuy's Antique Armour Boutique.
 27136 | Orc:1    | Bought a faintly humming cloak for 256 gold pieces
 27136 | Orc:1    | Identified the +0 cloak of the Meadowlark {Harm Int+4} (You
                  | bought it in a shop on level 1 of the Orcish Mines)
 27203 | Orc:2    | Noticed an orc warlord
 27225 | Orc:2    | Killed an orc warlord
 27243 | Orc:2    | Noticed Nergalle
 27258 | Orc:2    | Killed Nergalle
 27652 | Orc:2    | Found a roughly hewn altar of Beogh.
 27749 | Orc:2    | Paralysed by an orc sorcerer for 6 turns
 27927 | Orc:2    | Found Maxkigg's Antique Armour Shoppe.
 28401 | Orc:2    | Found Byetuut's General Store.
 28428 | Orc:2    | Found a runed translucent gate.
 28428 | Orc:2    | Found a runed translucent gate.
 28429 | Orc:2    | Found a runed translucent gate.
 28556 | Orc:2    | Found Ytremy's Antique Weapon Shoppe.
 28566 | Orc:2    | Found Caihykh's Book Shoppe.
 28752 | Orc:2    | Bought 2 potions of curing for 78 gold pieces
 28752 | Orc:2    | Bought a scroll of teleportation for 39 gold pieces
 28808 | Orc:2    | Bought a twisted plate armour for 728 gold pieces
 28808 | Orc:2    | Identified the +1 plate armour of Sekhac {rC- Regen+ Str+3}
                  | (You bought it in a shop on level 2 of the Orcish Mines)
 29146 | Orc:1    | Bought a shiny helmet for 202 gold pieces
 29146 | Orc:1    | Bought a pair of runed gloves for 202 gold pieces
 29603 | D:11     | Reached XP level 16. HP: 136/136 MP: 27/27
 29639 | D:11     | Noticed Urug
 29652 | D:11     | Killed Urug
 29702 | D:11     | Received a gift from Nemelex Xobeh
 30025 | D:11     | Noticed Snorg
 30039 | D:11     | Killed Snorg
 30505 | D:12     | Reached skill level 15 in Invocations
 30519 | D:12     | Received a gift from Nemelex Xobeh
 30957 | D:13     | Noticed Nessos
 30966 | D:13     | Killed Nessos
 30967 | D:13     | Received a gift from Nemelex Xobeh
 31020 | D:13     | Found Aduweg's Weapon Boutique.
 31028 | D:13     | Bought a +0 broad axe for 68 gold pieces
 31233 | D:13     | Received a gift from Nemelex Xobeh
 31880 | D:14     | Received a gift from Nemelex Xobeh
 32199 | D:14     | Found a gate to the Vaults.
 32682 | D:15     | Entered Level 15 of the Dungeon
 32936 | D:15     | Received a gift from Nemelex Xobeh
 33050 | D:15     | Found a staircase to the Depths.
 33740 | Swamp:1  | Entered Level 1 of the Swamp
 33810 | Swamp:1  | Received a gift from Nemelex Xobeh
 33998 | Swamp:1  | Noticed Mlioglotl
 33999 | Swamp:1  | Identified the +1 long sword of Domination {freeze, rF+
                  | Str-2 Dex+4 Stlth+}
 34007 | Swamp:1  | Noticed a tentacled starspawn
 34009 | Swamp:1  | Killed Mlioglotl
 35157 | Swamp:2  | Received a gift from Nemelex Xobeh
 35256 | Swamp:2  | Reached XP level 17. HP: 128/148 MP: 28/28
 36319 | Swamp:3  | Received a gift from Nemelex Xobeh
 36420 | Swamp:4  | Entered Level 4 of the Swamp
 36669 | Swamp:4  | Paralysed by a floating eye for 3 turns
 36683 | Swamp:4  | Reached skill level 15 in Shields
 36904 | Swamp:4  | Got a decaying rune of Zot
 37859 | Swamp:4  | Received a gift from Nemelex Xobeh
 38342 | Spider:1 | Entered Level 1 of the Spider Nest
 39138 | Spider:1 | Reached XP level 18. HP: 159/159 MP: 29/29
 39292 | Spider:1 | Received a gift from Nemelex Xobeh
 39410 | Spider:1 | Found a roughly hewn altar of Beogh.
 39888 | Spider:2 | Noticed Frances
 39906 | Spider:2 | Identified the -1 long sword of the Swamp {flame, rElec
                  | rPois Will+ Str-5}
 39913 | Spider:2 | Killed Frances
 39962 | Spider:2 | Noticed Arachne
 39976 | Spider:2 | Killed Arachne
 40235 | Spider:2 | Noticed Jorgrun
 40245 | Spider:2 | Killed Jorgrun
 40659 | Spider:2 | Received a gift from Nemelex Xobeh
 41004 | Spider:3 | Found a runed translucent door.
 41004 | Spider:3 | Noticed cfbundy's ghost (adept FoFi)
 41640 | Spider:3 | Received a gift from Nemelex Xobeh
 42160 | Spider:3 | Identified the +0 pair of boots of Calculation {Str+4}
 42203 | Spider:3 | Received a gift from Nemelex Xobeh
 42369 | Spider:3 | Reached skill level 16 in Invocations
 42858 | Spider:4 | Entered Level 4 of the Spider Nest
 42892 | Spider:4 | Received a gift from Nemelex Xobeh
 43128 | Spider:4 | Reached XP level 19. HP: 151/169 MP: 31/31
 43251 | Spider:4 | Identified the ring "Sotum" {rC+ Stlth+}
 43604 | Spider:4 | Reached skill level 15 in Fighting
 43930 | Spider:4 | Received a gift from Nemelex Xobeh
 43979 | Spider:4 | Got a gossamer rune of Zot
 44068 | Spider:4 | Reached XP level 20. HP: 180/180 MP: 32/32
 44324 | Vaults:1 | Entered Level 1 of the Vaults
 44575 | Vaults:1 | Paralysed by a sphinx for 2 turns
 44926 | Vaults:1 | Reached skill level 17 in Invocations
 45419 | Vaults:1 | Reached skill level 15 in Dodging
 46030 | Vaults:1 | Received a gift from Nemelex Xobeh
 46295 | Vaults:2 | Found a transporter.
 46347 | Vaults:2 | Found a bloodstained altar of Trog.
 46347 | Vaults:2 | Found the +8 Wrath of Trog {antimagic, *Rage Rampage}
 46495 | Vaults:2 | Found a transporter.
 46495 | Vaults:2 | Found a runed translucent door.
 46545 | Vaults:2 | Reached XP level 21. HP: 188/188 MP: 33/33
 46768 | Vaults:2 | Identified the +8 plate armour of Idainien {Will+ MP+9
                  | Int+6}
 47310 | Vaults:2 | Reached skill level 15 in Armour
 47362 | Vaults:2 | Paralysed by a great orb of eyes for 7 turns
 47433 | Vaults:2 | Noticed Mara
 47438 | Vaults:2 | Noticed Theoretic's illusion
 47488 | Vaults:2 | Noticed Theoretic's illusion
 47593 | Vaults:2 | Killed Mara
 47594 | Vaults:2 | Reached skill level 18 in Invocations
 47646 | Vaults:2 | Paralysed by a sphinx for 7 turns
 47660 | Vaults:2 | You fall into a shaft and drop 1 floor!
 47660 | Vaults:3 | Received a gift from Nemelex Xobeh
 47662 | Vaults:3 | Killed from afar by a crystal guardian

Illustrated notes

Levels and vault maps discovered:
D:1:      dpeg_arrival_round_b, layout_rooms, chequers_ecumenical_altar_twisty
D:2:      layout_basic, minmay_strange_pillars
D:3:      layout_loops_corners, kennysheep_orc_sif_temple, kennysheep_potato
D:4:      layout_layer_cave, nicolae_gozag_zags_fifth_avenue,
          minmay_temple_entry_junction, cheibrodos_sewer_entry_bend,
          chequers_serial_rivers_small_3, chequers_decorated_corner,
          kennysheep_small_circle, uniq_ijyb, uniq_menkaure
D:5:      layout_layer_cave, nicolae_overflow_hidden_temple, old_standard_altar
D:6:      layout_cave_pods, enter_ossuary_2
D:7:      layout_loops_ring, minitemple, amcnicky_altar_gilded,
          gammafunk_ghost_grave
D:8:      layout_basic
D:9:      layout_irregular_city, serial_shops, nicolae_shop_stone, minivault_1,
          minivault_24, minmay_diced_spiral, uniq_gastronok
D:10:     layout_basic, nzn_wu_jian_contemplation, erik_lair_dragon,
          hiddenorc1_lemuel
D:11:     layout_cave_pods, grunt_decor_arrowhead, uniq_urug, uniq_snorg
D:12:     layout_cave_pools
D:13:     layout_irregular_city, serial_shops,
          nicolae_shop_bloodbath_and_beyond, uniq_nessos
D:14:     layout_basic, david_vaults_1, minmay_misc_feat_doors, minmay_librarian
D:15:     grunt_enter_depths_hoard, layout_long_grid, nrook_uturn,
          nicolae_underground_beach
Lair:1:   layout_long_grid
Lair:2:   layout_regular_city, minmay_swamp_entry_swarm, spider_nest_entry_webs
Lair:3:   layout_regular_city, bh_autumn_forest_stairs, uniq_sonja, uniq_fannar
Lair:4:   layout_regular_city, lemuel_fruit_fields
Lair:5:   mu_elephants_graveyard, layout_regular_city, gauntlet_entry_generic,
          serial_bayou_shore_b
Lair:6:   due_jungle_book, layout_big_grid, slime_altar_2, uniq_josephine
Swamp:1:  layout_falls_marsh, evilmike_swamp_ruin_rubble_2, swamp_pool1,
          uniq_mlioglotl
Swamp:2:  layout_falls_marsh, serial_swamp_ruin, evilmike_swamp_ruin_house_3,
          evilmike_swamp_ruin_house_5
Swamp:3:  layout_falls_marsh, evilmike_swamp_ruin_house_2,
          infiniplex_staircase_pool
Swamp:4:  swamp_alternative, layout_basic_swamp, swamp_pool3, grunt_witch_cave
Spider:1: nicolae_spider_mines_2, nicolae_spider_webbed_stairs
Spider:2: layout_spider_delve, nicolae_spider_claw_tunnel,
          nicolae_spider_cling_halls, uniq_arachne, uniq_jorgrun, uniq_frances
Spider:3: layout_chambers, gammafunk_ghost_grave, special_room
          [special_room_bee], nicolae_arachne_temple
Spider:4: spider_rune_water
Orc:1:    layout_caves, serial_shops, nicolae_shop_behind_doors
Orc:2:    grunt_orc_cross, layout_diamond_mine, gammafunk_ghost_split
Vaults:1: nicolae_vaults_network_s, nicolae_vaults_angled_halls, v_misc_10,
          nicolae_vaults_hallways_thing, hangedman_vaults_maws,
          ontoclasm_vaults_pinch, vaults_dpeg_spiral,
          nicolae_vaults_big_angled_halls, st_squares, v_misc_8,
          grunt_vaults_funnel, nicolae_vaults_ring_of_whatevers,
          ontoclasm_vaults_loading_screen, nicolae_vaults_diagonal_hallway_9,
          vaults_room_boxed, ontoclasm_vaults_tryst, hangedman_vaults_cutoff,
          serial_ice_g, layout_vaults_maze
Vaults:2: ontoclasm_vaults_spin, ontoclasm_vaults_eye, ontoclasm_vaults_twist,
          emtedronai_trogs_sanctum, hangedman_vaults_river_flow, v_misc_28,
          nicolae_vaults_three_branches, v_rooms_1, vaults_dpeg_ring,
          ontoclasm_vaults_idyll, nicolae_vaults_angled_halls,
          layout_vaults_omnibox, uniq_mara, uniq_xtahua
Vaults:3: st_more_cells, v_pattern_3, minmay_crypt_entry_simple_box,
          grunt_vaults_hallway_long, hangedman_vaults_trim, grunt_vaults_focal,
          ontoclasm_vaults_gateway, vaults_mumra_hexcomb, ontoclasm_vaults_chip,
          hangedman_vaults_variations, nicolae_vaults_what_the_h,
          ontoclasm_vaults_hangar, vaults_room_hallway, vaults_room_large_hall,
          nicolae_vaults_diagonal_hallway_8, nicolae_vaults_asterisk,
          layout_vaults_ring, uniq_frederick

Skill      XL: |  1  2  3  4  5  6  7  8  9 10 11 12 13 14 15 16 17 18 19 20 21 |
---------------+----------------------------------------------------------------+-----
Axes           | 3 5 7 10 11 13 14 | 14.7
Dodging        | 2 3 4 5 7 8 10 11 12 13 14 15 | 15.0
Maces & Flails | 2 3 4 6 8 |  8.7
Invocations    | 2 3 5 7 9 10 11 12 13 14 15 16 17 18 | 18.1
Armour         | 4 5 6 7 9 10 12 13 14 15 | 15.0
Fighting       | 5 6 7 9 10 12 13 14 16 | 16.3
Crossbows      | 5 6 7 9 10 | 10.0
Shields        | 8 12 14 15 16 17 | 17.0
Stealth        | |  4.1

Action                   |  1- 3 |  4- 6 |  7- 9 | 10-12 | 13-15 | 16-18 | 19-21 || total
-------------------------+-------+-------+-------+-------+-------+-------+-------++-------
Melee: Hand axe          |    37 |       |       |       |       |       |       ||    37
       Dagger            |    66 |       |       |       |       |       |       ||    66
       Mace              |    17 |    61 |   155 |   381 |   114 |       |       ||   728
       Punch             |     1 |     1 |     2 |     5 |    13 |       |       ||    22
       Unarmed           |       |     5 |       |       |       |       |       ||     5
       Broad axe         |       |       |       |     5 |   940 |  1843 |   990 ||  3778
 Fire: Shortbow          |       |       |    25 |     3 |       |       |       ||    28
       Hand crossbow     |       |       |       |    48 |   311 |   196 |    73 ||   628
Throw: Dart              |       |     6 |     3 |       |       |       |     3 ||    12
       Stone             |       |     1 |    23 |       |       |       |       ||    24
Invok: Draw Destruction  |       |     1 |    28 |    21 |    27 |    49 |    19 ||   145
       Draw Summoning    |       |     1 |     5 |    12 |    13 |    12 |     5 ||    48
       Draw Escape       |       |       |     2 |     7 |    11 |     9 |     7 ||    36
       Deal Four         |       |       |       |     1 |       |     1 |     1 ||     3
       Stack Five        |       |       |       |     1 |       |     1 |     1 ||     3
       Triple Draw       |       |       |       |       |     4 |     1 |       ||     5
       Draw Stack        |       |       |       |       |     1 |     5 |     3 ||     9
Evoke: Wand              |     2 |       |     2 |     4 |     9 |     1 |     4 ||    22
       Lightning rod     |       |       |       |       |       |     4 |     4 ||     8
       Phantom mirror    |       |       |       |       |       |       |     2 ||     2
  Use: Scroll            |     1 |       |     6 |     5 |    13 |     5 |     6 ||    36
       Potion            |     3 |     1 |       |       |     3 |       |     5 ||    12
 Stab: Sleeping          |     3 |       |       |       |       |       |     2 ||     5
       Confused          |       |     1 |       |       |       |       |       ||     1
       Distracted        |       |       |       |     1 |     4 |     4 |     2 ||    11
       Petrified         |       |       |       |       |    12 |       |     3 ||    15
       Petrifying        |       |       |       |       |     1 |       |       ||     1
Armor: Leather armour    |    29 |       |       |       |       |       |       ||    29
       Scale mail        |    21 |    13 |       |       |       |       |       ||    34
       Chain mail        |       |     2 |   104 |   225 |   201 |       |       ||   532
       Pearl dragon scal |       |       |       |       |   344 |   691 |   366 ||  1401
Dodge: Dodged            |    86 |    34 |    78 |   237 |   777 |   794 |   385 ||  2391
Block: Tower shield      |       |       |       |       |   450 |  2918 |  1444 ||  4812
